TOP OF THE 1ST |
Erie Jaxx batting - Pitching for Manhatten Meatheads : RHP Doug Acevedo
|
Pitching: RHP Doug Acevedo
|
|
Batting: LHB Mark Sanders
|
0-0: SINGLE (Line Drive, 4D)
|
Batting: RHB Juan González
|
0-0: Ball 1-0: Ball 2-0: Ball 3-0: Called Strike 3-1: Foul Ball, location: 2F 3-2: Strikes out swinging
|
Batting: RHB Shane Marshall
|
0-0: Ball 1-0: Ball 2-0: Ball 3-0: Called Strike 3-1: Fly out, F6 (Flyball, 56D)
|
Batting: RHB Raoul Alkemade
|
0-0: Ball Mark Sanders is caught stealing 2nd base
|
Top of the 1st over - 0 runs, 1 hit, 0 errors, 0 left on base; Erie 0 - Manhatten 0 |
BOTTOM OF THE 1ST |
Manhatten Meatheads batting - Pitching for Erie Jaxx : RHP Miguel Ramos
|
Pitching: RHP Miguel Ramos
|
|
Batting: LHB Wayne Rogers
|
0-0: Called Strike 0-1: Ball 1-1: SINGLE (Flyball, 89M)
|
Batting: LHB Geoff May
|
0-0: Ball 1-0: Fly out, F7 (Flyball, 7)
|
Batting: RHB Roberto Rodríguez
|
0-0: Ball 1-0: Ball Wayne Rogers steals 2nd base 2-0: Called Strike 2-1: Foul Ball, location: 2F 2-2: Ball 3-2: SINGLE (Line Drive, 6MD) Wayne Rogers to third Runner from 3rd tries for Home, SAFE, no throw
|
Batting: RHB Ed Gaston
|
0-0: Ball 1-0: Called Strike 1-1: Ball 2-1: Ball 3-1: Called Strike 3-2: Base on Balls Roberto Rodríguez to second
|
Batting: LHB Aaron Scott
|
0-0: Called Strike Roberto Rodríguez steals 3rd base 0-1: Ball 1-1: Swinging Strike 1-2: Foul Ball, location: 2F 1-2: Foul Ball, location: 2F 1-2: Ball 2-2: Strikes out swinging
|
Batting: RHB Paul French
|
0-0: Ball 1-0: Called Strike 1-1: Foul Ball, location: 2F 1-2: Fielders Choice at 2nd, 5-4 (Groundball, 56)
|
Bottom of the 1st over - 1 run, 2 hits, 0 errors, 2 left on base; Erie 0 - Manhatten 1 |
TOP OF THE 2ND |
Erie Jaxx batting - Pitching for Manhatten Meatheads : RHP Doug Acevedo
|
Batting: RHB Raoul Alkemade
|
0-0: Ball 1-0: Called Strike 1-1: SINGLE (Line Drive, 9S)
|
Batting: RHB Ronald Hodge
|
0-0: Ball Raoul Alkemade is caught stealing 2nd base 1-0: Ball 2-0: Called Strike 2-1: Foul Ball, location: 2F 2-2: Foul Ball, location: 2F 2-2: SINGLE (Groundball, 4S) (infield hit)
|
Batting: RHB Zachary Gadsden
|
0-0: Called Strike 0-1: Called Strike 0-2: Ball 1-2: SINGLE (Groundball, 34D) Ronald Hodge to second Runner from 2nd tries for 3rd, SAFE, no throw
|
Batting: LHB Juan Vásquez
|
0-0: Called Strike 0-1: Ball 1-1: Fielders Choice at 2nd, 4-6 (Groundball, 34) Ronald Hodge scores
|
Batting: RHB José Hernández
|
0-0: Ball 1-0: Foul Ball, location: 2F 1-1: Fly out, F3 (Popup, 23F)
|
Top of the 2nd over - 1 run, 3 hits, 0 errors, 1 left on base; Erie 1 - Manhatten 1 |
BOTTOM OF THE 2ND |
Manhatten Meatheads batting - Pitching for Erie Jaxx : RHP Miguel Ramos
|
Batting: RHB Wayne Hanson
|
0-0: Called Strike 0-1: Called Strike 0-2: Fly out, F6 (Line Drive, 6)
|
Batting: LHB Justin Tubridy
|
0-0: Ground out 6-3 (Groundball, 6)
|
Batting: RHB Juan Blanco
|
0-0: Ball 1-0: Ground out 6-3 (Groundball, 6)
|
Bottom of the 2nd over - 0 runs, 0 hits, 0 errors, 0 left on base; Erie 1 - Manhatten 1 |
TOP OF THE 3RD |
Erie Jaxx batting - Pitching for Manhatten Meatheads : RHP Doug Acevedo
|
Batting: LHB Matt Moore
|
0-0: Called Strike 0-1: Called Strike 0-2: Foul Ball, location: 2F 0-2: Strikes out looking
|
Batting: LHB Mark Sanders
|
0-0: Ground out 4-3 (Groundball, 4)
|
Batting: RHB Juan González
|
0-0: Ball 1-0: SINGLE (Groundball, 34S) (infield hit)
|
Batting: RHB Shane Marshall
|
0-0: Ball 1-0: Swinging Strike 1-1: Ball 2-1: Foul Ball, location: 2F 2-2: Ground out 5-3 (Groundball, 25)
|
Top of the 3rd over - 0 runs, 1 hit, 0 errors, 1 left on base; Erie 1 - Manhatten 1 |
BOTTOM OF THE 3RD |
Manhatten Meatheads batting - Pitching for Erie Jaxx : RHP Miguel Ramos
|
Batting: LHB Wayne Rogers
|
0-0: Called Strike 0-1: Called Strike 0-2: Fly out, F5 (Line Drive, 56)
|
Batting: LHB Geoff May
|
0-0: Called Strike 0-1: Foul Ball, location: 2F 0-2: Ball 1-2: Strikes out swinging
|
Batting: RHB Roberto Rodríguez
|
0-0: Ball 1-0: Ball 2-0: Ball 3-0: Called Strike 3-1: Called Strike 3-2: Base on Balls
|
Batting: RHB Ed Gaston
|
0-0: Called Strike 0-1: Fly out, F9 (Flyball, 9S)
|
Bottom of the 3rd over - 0 runs, 0 hits, 0 errors, 1 left on base; Erie 1 - Manhatten 1 |
TOP OF THE 4TH |
Erie Jaxx batting - Pitching for Manhatten Meatheads : RHP Doug Acevedo
|
Batting: RHB Raoul Alkemade
|
0-0: Ball 1-0: Swinging Strike 1-1: Ball 2-1: Ground out 3-1 (Groundball, 34)
|
Batting: RHB Ronald Hodge
|
0-0: Called Strike 0-1: Called Strike 0-2: Strikes out swinging
|
Batting: RHB Zachary Gadsden
|
0-0: Ball 1-0: Swinging Strike 1-1: Ball 2-1: Swinging Strike 2-2: Ball 3-2: Foul Ball, location: 2F 3-2: Strikes out looking
|
Top of the 4th over - 0 runs, 0 hits, 0 errors, 0 left on base; Erie 1 - Manhatten 1 |
BOTTOM OF THE 4TH |
Manhatten Meatheads batting - Pitching for Erie Jaxx : RHP Miguel Ramos
|
Batting: LHB Aaron Scott
|
0-0: Foul Ball, location: 2F 0-1: Ball 1-1: Ball 2-1: Swinging Strike 2-2: Strikes out swinging
|
Batting: RHB Paul French
|
0-0: Called Strike 0-1: Foul Ball, location: 2F 0-2: Fly out, F7 (Flyball, 7LD)
|
Batting: RHB Wayne Hanson
|
0-0: Called Strike 0-1: Ball 1-1: Ball 2-1: Foul Ball, location: 2F 2-2: Foul Ball, location: 2F 2-2: Ground out 4-3 (Groundball, 4)
|
Bottom of the 4th over - 0 runs, 0 hits, 0 errors, 0 left on base; Erie 1 - Manhatten 1 |
TOP OF THE 5TH |
Erie Jaxx batting - Pitching for Manhatten Meatheads : RHP Doug Acevedo
|
Batting: LHB Juan Vásquez
|
0-0: Called Strike 0-1: Foul Ball, location: 2F 0-2: Ball 1-2: Ball 2-2: Foul Ball, location: 2F 2-2: Ball 3-2: DOUBLE (Flyball, 89D)
|
Batting: RHB José Hernández
|
0-0: Ball 1-0: Ball Juan Vásquez steals 3rd base 2-0: Called Strike 2-1: Foul Ball, location: 2F 2-2: Foul Ball, location: 2F 2-2: Ball 3-2: SINGLE (Line Drive, 56) Juan Vásquez scores
|
Batting: LHB Matt Moore
|
0-0: Ground out 5-3 (Groundball, 56S) José Hernández to second
|
Batting: LHB Mark Sanders
|
0-0: Ground out 5-3 (Groundball, 56S) José Hernández to third
|
Batting: RHB Juan González
|
0-0: Called Strike 0-1: Ball 1-1: Ball 2-1: SINGLE (Groundball, 4MD) José Hernández scores
|
Batting: RHB Shane Marshall
|
0-0: Called Strike 0-1: Ball 1-1: Foul Ball, location: 2F 1-2: SINGLE (Line Drive, 7S) Juan González to second Juan González to third
|
Batting: RHB Raoul Alkemade
|
0-0: Called Strike 0-1: Ground out 4-3 (Groundball, 4)
|
Top of the 5th over - 2 runs, 4 hits, 0 errors, 2 left on base; Erie 3 - Manhatten 1 |
BOTTOM OF THE 5TH |
Manhatten Meatheads batting - Pitching for Erie Jaxx : RHP Miguel Ramos
|
Batting: LHB Justin Tubridy
|
0-0: Ball 1-0: Swinging Strike 1-1: Swinging Strike 1-2: Strikes out swinging
|
Batting: RHB Juan Blanco
|
0-0: Ball 1-0: Called Strike 1-1: Hit by Pitch
|
Batting: LHB Wayne Rogers
|
0-0: Ball 1-0: Called Strike 1-1: Ball 2-1: Swinging Strike 2-2: Ball 3-2: Strikes out swinging
|
Batting: LHB Geoff May
|
Pickoff Throw to First - Out!
|
Bottom of the 5th over - 0 runs, 0 hits, 0 errors, 0 left on base; Erie 3 - Manhatten 1 |
TOP OF THE 6TH |
Erie Jaxx batting - Pitching for Manhatten Meatheads : RHP Doug Acevedo
|
Batting: RHB Ronald Hodge
|
0-0: Ball 1-0: Ball 2-0: Ball 3-0: Called Strike 3-1: Base on Balls
|
Batting: RHB Zachary Gadsden
|
0-0: Ball Ronald Hodge is caught stealing 2nd base 1-0: Ball 2-0: Foul Ball, location: 2F 2-1: Foul Ball, location: 2F 2-2: Foul Ball, location: 2F 2-2: Foul Ball, location: 2F 2-2: Foul Ball, location: 2F 2-2: Foul Ball, location: 2F 2-2: SINGLE (Flyball, 7S)
|
Batting: LHB Juan Vásquez
|
0-0: Ball 1-0: Ball 2-0: Foul Ball, location: 2F 2-1: SINGLE (Line Drive, 56D) Zachary Gadsden to second
|
Batting: RHB José Hernández
|
0-0: SINGLE (Line Drive, 56) Zachary Gadsden to third Juan Vásquez to second
|
Batting: LHB Matt Moore
|
0-0: Ball 1-0: Swinging Strike 1-1: Foul Ball, location: 2F 1-2: Ball 2-2: Fly out, F5 (Popup, 5S)
|
Batting: LHB Mark Sanders
|
0-0: Called Strike 0-1: Ground out U3 (Groundball, 3)
|
Top of the 6th over - 0 runs, 3 hits, 0 errors, 3 left on base; Erie 3 - Manhatten 1 |
BOTTOM OF THE 6TH |
Manhatten Meatheads batting - Pitching for Erie Jaxx : RHP Miguel Ramos
|
Batting: LHB Geoff May
|
0-0: Foul Ball, location: 2F 0-1: Ball 1-1: SINGLE (Groundball, 4MD)
|
Batting: RHB Roberto Rodríguez
|
0-0: Called Strike 0-1: Ball 1-1: Ball 2-1: Swinging Strike 2-2: Ball 3-2: Foul Ball, location: 2F 3-2: Strikes out swinging
|
Batting: RHB Ed Gaston
|
0-0: Called Strike 0-1: SINGLE (Line Drive, 7S) Geoff May to second
|
Batting: LHB Aaron Scott
|
0-0: DOUBLE (Flyball, 7LD) Geoff May scores Ed Gaston to third
|
Batting: RHB Paul French
|
0-0: Called Strike 0-1: Called Strike 0-2: Foul Ball, location: 2F 0-2: Ball 1-2: Foul Ball, location: 2F 1-2: Strikes out swinging
|
Batting: RHB Wayne Hanson
|
0-0: Ball 1-0: Ball 2-0: Foul Ball, location: 2F 2-1: Called Strike 2-2: Ball 3-2: SINGLE (Flyball, 9LS) Ed Gaston scores Aaron Scott to third Aaron Scott scores
|
Pitching: RHP Armando Rodríguez
|
|
Batting: LHB Justin Tubridy
|
0-0: Ball 1-0: Foul Ball, location: 2F 1-1: Foul Ball, location: 2F 1-2: Fly out, F6 (Popup, 6)
|
Bottom of the 6th over - 3 runs, 4 hits, 0 errors, 1 left on base; Erie 3 - Manhatten 4 |
TOP OF THE 7TH |
Erie Jaxx batting - Pitching for Manhatten Meatheads : RHP Doug Acevedo
|
Pitching: RHP José Ríos
|
|
Batting: RHB Juan González
|
0-0: Called Strike 0-1: Swinging Strike 0-2: Ball 1-2: Ball 2-2: Ball 3-2: Foul Ball, location: 2F 3-2: Strikes out looking
|
Batting: RHB Shane Marshall
|
0-0: Ball 1-0: Called Strike 1-1: Ball 2-1: Foul Ball, location: 2F 2-2: Foul Ball, location: 2F 2-2: Strikes out looking
|
Batting: RHB Raoul Alkemade
|
0-0: Ground out 6-3 (Groundball, 56)
|
Top of the 7th over - 0 runs, 0 hits, 0 errors, 0 left on base; Erie 3 - Manhatten 4 |
BOTTOM OF THE 7TH |
Manhatten Meatheads batting - Pitching for Erie Jaxx : RHP Armando Rodríguez
|
Batting: RHB Juan Blanco
|
0-0: Ball 1-0: Swinging Strike 1-1: Called Strike 1-2: Ball 2-2: Strikes out swinging
|
Batting: LHB Wayne Rogers
|
0-0: Called Strike 0-1: Foul Ball, location: 2F 0-2: Strikes out swinging
|
Batting: LHB Geoff May
|
0-0: Called Strike 0-1: Swinging Strike 0-2: Ground out 6-3 (Groundball, 6M)
|
Bottom of the 7th over - 0 runs, 0 hits, 0 errors, 0 left on base; Erie 3 - Manhatten 4 |
TOP OF THE 8TH |
Erie Jaxx batting - Pitching for Manhatten Meatheads : RHP José Ríos
|
Batting: RHB Ronald Hodge
|
0-0: Ball 1-0: Swinging Strike 1-1: Ball 2-1: Called Strike 2-2: Strikes out swinging
|
Batting: RHB Zachary Gadsden
|
0-0: Ball 1-0: Foul Ball, location: 2F 1-1: Ball 2-1: Ground out 6-3 (Groundball, 6)
|
Pitching: LHP Gustavo Sánchez
|
|
Batting: LHB Juan Vásquez
|
0-0: Ball 1-0: Fly out, F8 (Line Drive, 8RD)
|
Top of the 8th over - 0 runs, 0 hits, 0 errors, 0 left on base; Erie 3 - Manhatten 4 |
BOTTOM OF THE 8TH |
Manhatten Meatheads batting - Pitching for Erie Jaxx : RHP Armando Rodríguez
|
Batting: RHB Roberto Rodríguez
|
0-0: Ball 1-0: Ball 2-0: Called Strike 2-1: Foul Ball, location: 2F 2-2: Strikes out swinging
|
Batting: RHB Ed Gaston
|
0-0: Ball 1-0: Called Strike 1-1: Foul Ball, location: 2F 1-2: Ball 2-2: Strikes out swinging
|
Batting: LHB Aaron Scott
|
0-0: Called Strike 0-1: Called Strike 0-2: Strikes out swinging
|
Bottom of the 8th over - 0 runs, 0 hits, 0 errors, 0 left on base; Erie 3 - Manhatten 4 |
TOP OF THE 9TH |
Erie Jaxx batting - Pitching for Manhatten Meatheads : LHP Gustavo Sánchez
|
Pitching: RHP William Dixon
|
|
Now at 2B: Dennis Kelly
|
|
Batting: RHB José Hernández
|
0-0: SINGLE (Flyball, 89S)
|
Pinch Runner at 1st Kyle Robbins:
|
|
Batting: LHB Matt Moore
|
0-0: Ball 1-0: Bunted foul 1-1: Bunted foul 1-2: Strikes out swinging
|
Batting: LHB Mark Sanders
|
0-0: Foul Ball, location: 2F 0-1: Ball 1-1: Ball 2-1: SINGLE (Line Drive, 7LS) Kyle Robbins to second
|
Batting: RHB Juan González
|
0-0: Foul Ball, location: 2F 0-1: Grounds into double play, 3-6-3 (Groundball, 34)
|
Top of the 9th over - 0 runs, 2 hits, 0 errors, 1 left on base; Erie 3 - Manhatten 4 |
|